 Dungeon Crawl Stone Soup version 0.28.0 (webtiles) character file.

Game seed: 8369182052114207813

742 a3don the Skirmisher (level 7, -21/45 HPs)
             Began as a Gargoyle Fighter on Feb 13, 2022.
             Was an Initiate of Okawaru.
             Demolished by an ogre (24 damage)
             ... on level 5 of the Dungeon.
             The game lasted 00:08:38 (5322 turns).

a3don the Skirmisher (Gargoyle Fighter)             Turns: 5322, Time: 00:08:39

Health: -21/45     AC: 18    Str: 20    XL:     7   Next: 76%
Magic:  5/7        EV:  9    Int: 10    God:    Okawaru [......]
Gold:   251        SH:  6    Dex:  9    Spells: 6/6 levels left

rFire   . . .      SeeInvis .   a - +0 war axe
rCold   . . .      Faith    .   c - +0 buckler
rNeg    + . .      Spirit   .   k - +0 chain mail
rPois   ∞          Reflect  .   q - +2 hat
rElec   +          Harm     .   (no cloak)
rCorr   .          Rampage  .   (no gloves)
Will    .....                   (no boots)
Stlth   ..........              (no amulet)
HPRegen 0.15/turn               (no ring)
MPRegen 0.10/turn               (no ring)

@: heroic
A: sickness immunity, AC +4, negative energy resistance 1, electricity
resistance, torment resistance 1, petrification resistance
a: Renounce Religion


You were on level 5 of the Dungeon.
You worshipped Okawaru.
Okawaru was noncommittal.
You visited 1 branch of the dungeon, and saw 5 of its levels.

You collected 251 gold pieces.

Inventory:

Hand Weapons
 a - a +0 war axe (weapon)
 b - a +0 hunting sling
 m - a +0 spectral quarterstaff
Missiles
 h - 134 stones (quivered)
 j - 2 throwing nets
 n - 8 sling bullets
 s - 4 boomerangs
Armour
 c - a +0 buckler (worn)
 k - a +0 chain mail (worn)
 q - a +2 hat (worn)
 w - +0 ice dragon scales
Jewellery
 d - a ring of ice
 y - an amulet of faith
 z - an amulet of magic regeneration
Wands
 r - a wand of digging (7)
Scrolls
 e - a scroll of enchant weapon {unknown}
 f - 4 scrolls of identify {unknown}
 l - a scroll of teleportation {unknown}
 o - 2 scrolls of magic mapping {unknown}
 u - a scroll of fog {unknown}
 v - a scroll of noise {unknown}
Potions
 g - a potion of heal wounds {unknown}
 i - a potion of ambrosia {unknown}
 p - 2 potions of cancellation {unknown}
 t - 2 potions of attraction {unknown}
 x - 2 potions of brilliance {unknown}


   Skills:
 + Level 5.6(10.6) Fighting
 + Level 4.1(9.1) Axes
 + Level 5.6(10.6) Armour
 + Level 5.5(10.5) Shields


You had 6 spell levels left.
You didn't know any spells.
Your spell library contained the following spells:

 Spells                   Type           Power      Damage    Failure   Level
 Dazzling Flash           Conj/Hex       0%         N/A       100%        3
 Passage of Golubria      Tloc           0%         N/A       100%        4
 Agony                    Necr           0%         N/A       100%        5
 Silence                  Hex/Air        0%         N/A       100%        5
 Yara's Violent Unravell  Hex/Tmut       0%         3d3       100%        5
 Tukima's Dance           Hex            Unusable   N/A       N/A         3

Dungeon Overview and Level Annotations

Branches:
Dungeon (5/15)             Temple (0/1) D:5

Altars:
Okawaru
Zin
The Shining One


Innate Abilities, Weirdness & Mutations

You are immune to sickness and miasma.
Your stone body is resilient. (AC +4)
You are immune to poison.
You resist negative energy. (rN+)
You are resistant to electric shocks. (rElec)
You are resistant to unholy torment.
You are immune to petrification.


Message History

You block the adder skeleton's attack. The adder skeleton closely misses you.
You closely miss the adder skeleton.
The adder skeleton is heavily damaged.
The adder skeleton barely misses you.
You barely miss the adder skeleton.
The adder skeleton is heavily damaged.
The adder skeleton bites you but does no damage.
The adder skeleton bites you.
You barely miss the adder skeleton.
The adder skeleton is heavily damaged.
The adder skeleton barely misses you.
You slash the adder skeleton!
You destroy the adder skeleton!
Okawaru accepts your kill.
You can now gain great but temporary skills.
No target in view!
No target in view!
You pick up a book of the Senses and begin reading...
You add the spells Dazzling Flash, Agony and Silence to your library.
z - an amulet of magic regeneration HP restored.
x - 2 fizzy cyan potions (gained 1)
You now have 251 gold pieces (gained 18).
An ogre comes into view. It is wielding a +0 giant spiked club.
The ogre moves out of view.
An ogre is nearby!
You slash the ogre!
The ogre is heavily wounded.
The ogre hits you with a +0 giant spiked club!!
You slash the ogre!
The ogre is severely wounded.
The ogre hits you with a +0 giant spiked club!!
* * * LOW HITPOINT WARNING * * *
You are too injured to fight recklessly!
You are too injured to fight recklessly!
You gain the combat prowess of a mighty hero.
You can no longer gain great but temporary skills.
The ogre hits you with a +0 giant spiked club!!
Ouch! That really hurt!
You die...

...$. ... #.###
#...## ###..##
##..### ##...##
###O.# ## #######
##@# .###.....#
##.#
.........######..#
###.............##
##.....########
#.....# #######


You could see an ogre.

Vanquished Creatures
  Eustachio (D:3)
  A necrophage (D:4)
  The ghost of Jingleheimer the Ruffian, an amateur DrTm (D:3)
  A scorpion (D:5)
  A howler monkey (D:2)
  An orc priest (D:5)
  A centaur skeleton (D:5)
  Ijyb (D:4)
  2 iguanas
  3 gnolls (D:3)
  9 adders
  An adder skeleton (D:5)
  2 worms
  4 dart slugs
  6 orcs
  6 endoplasms
  3 giant cockroaches
  5 goblins
  6 hobgoblins
  16 kobolds
  6 quokkas
  9 ball pythons
  6 bats
  2 frilled lizards
  3 rats
97 creatures vanquished.

Vanquished Creatures (others)
  5 toadstools (D:1)
5 creatures vanquished.

Grand Total: 102 creatures vanquished

Notes
Turn   | Place    | Note
-------+----------+-------------------------------------------
     0 | D:1      | a3don the Gargoyle Fighter began the quest for the Orb.
     0 | D:1      | Reached XP level 1. HP: 14/14 MP: 1/1
    53 | D:1      | Reached XP level 2. HP: 19/19 MP: 2/2
   152 | D:1      | Found a faded altar of an unknown god.
   216 | D:1      | Reached XP level 3. HP: 17/23 MP: 3/3
   872 | D:2      | Reached XP level 4. HP: 29/29 MP: 4/4
  1027 | D:2      | Reached XP level 5. HP: 29/33 MP: 5/5
  1586 | D:3      | Noticed Jingleheimer's ghost (amateur DrTm)
  1587 | D:3      | Found a runed translucent door.
  2486 | D:3      | Found a glowing golden altar of the Shining One.
  2619 | D:3      | Found a glowing silver altar of Zin.
  2677 | D:3      | Found an iron altar of Okawaru.
  2810 | D:3      | Became a worshipper of Warmaster Okawaru
  3110 | D:3      | Reached XP level 6. HP: 21/39 MP: 6/6
  3115 | D:3      | Killed Jingleheimer's ghost
  3371 | D:4      | Noticed Eustachio
  3590 | D:3      | Killed Eustachio
  3591 | D:3      | Reached skill level 5 in Fighting
  3591 | D:3      | Reached skill level 5 in Armour
  3591 | D:3      | Reached skill level 5 in Shields
  3591 | D:3      | Reached XP level 7. HP: 28/44 MP: 7/7
  3796 | D:4      | Noticed Ijyb
  3798 | D:4      | Paralysed by Ijyb for 2 turns
  3819 | D:4      | Killed Ijyb
  4428 | D:5      | Entered Level 5 of the Dungeon
  5046 | D:5      | Found a staircase to the Ecumenical Temple.
  5114 | D:5      | Reached * piety under Okawaru
  5315 | D:5      | HP: 2/45 [ogre (21)]
  5322 | D:5      | Demolished by an ogre

Illustrated notes

Levels and vault maps discovered:
D:1:      ldierk_walled_garden, layout_rooms,
          ebering_ecumenical_altar_sacrificial
D:2:      layout_basic, minmay_pentomino_o4
D:3:      layout_loops_ring, okawaru_gym_becter, zin_academy, tso_metal_star,
          ebering_ghost_sewer_d
D:4:      layout_cave_pools, cheibrodos_sewer_entry_drain,
          minmay_misc_feat_pillars, uniq_eustachio, uniq_ijyb
D:5:      layout_rooms, minmay_temple_entry_drinking_statues

Skill      XL: |  1  2  3  4  5  6  7 |
---------------+----------------------+-----
Axes           | 2 3 4 |  4.1
Fighting       | 4 5 |  5.6
Armour         | 4 5 |  5.6
Shields        | 4 5 |  5.5

Action                   |  1- 3 |  4- 6 |  7- 9 || total
-------------------------+-------+-------+-------++-------
Melee: War axe           |    85 |   195 |    93 ||   373
 Fire: Hunting sling     |       |     4 |       ||     4
Invok: Heroism           |       |       |     1 ||     1
  Use: Potion            |       |     1 |       ||     1
Armor: Scale mail        |    54 |    24 |       ||    78
       Chain mail        |       |   137 |    75 ||   212
Dodge: Dodged            |    57 |    98 |    37 ||   192
Block: Buckler           |    21 |    67 |    34 ||   122
